 Dungeon Crawl Stone Soup version 0.31.0-9-g3a7656b989 (webtiles) character file.

Game seed: 874644797688301049

59 qw the Shooter (level 3, 0/18 HPs)
             Began as a Spriggan Hunter on Feb 2, 2024.
             Slain by a goblin
             ... wielding a +0 club
             ... led by Robin
              (6 damage)
             ... on level 2 of the Dungeon.
             The game lasted 00:00:03 (828 turns).

qw the Shooter (Spriggan Hunter)                     Turns: 828, Time: 00:00:04

Health: 0/18       AC:  2    Str:  5 (7)  XL:     3   Next: 78%
Magic:  4/4        EV: 19    Int:  8 (10) God:
Gold:   88         SH:  0    Dex: 18 (20) Spells: 2/2 levels left

rFire   . . .        a - +1 shortbow
rCold   . . .        (shield currently unavailable)
rNeg    . . .        c - +0 robe
rPois   .            (helmet restricted)
rElec   .            (no cloak)
rCorr   .            (gloves unavailable)
SInv    +            (boots unavailable)
Will    .....        h - amulet of regeneration
Stlth   ++           (no ring)
HPRegen 1.03/turn    (no ring)
MPRegen 0.09/turn

%: no passive effects
@: very quick
A: very small, no large weapons, unfitting armour, see invisible, speed 3
a: no special abilities


You were on level 2 of the Dungeon.
You visited 1 branch of the dungeon, and saw 2 of its levels.

You collected 88 gold pieces.


Innate Abilities, Weirdness & Mutations

You are very small and have problems with some larger weapons.
You are too small for most types of armour.
You have supernaturally acute eyesight. (SInv)
You cover ground extremely quickly. (Speed+++)


   Skills:
 + Level 1.5 Fighting
 - Level 5.0 Ranged Weapons
 - Level 4.0 Dodging
 - Level 1.5 Stealth


You had 2 spell levels left.
You didn't know any spells.
Your spell library was empty.

Inventory:

Hand Weapons
 a - a +1 shortbow (weapon)
Armour
 c - a +0 robe (worn)
Jewellery
 h - an amulet of regeneration (around neck)
Scrolls
 b - a scroll of teleportation {unknown}
Potions
 d - a potion of brilliance {unknown}
 g - a potion of heal wounds {unknown}
 i - a potion of curing {unknown}

Dungeon Overview and Level Annotations

Branches:
Dungeon (2/15)

Altars:


Message History

You shoot an arrow. The arrow closely misses the goblin.
A hobgoblin comes into view.
You shoot an arrow. The arrow hits the goblin!
You kill the goblin!
A goblin comes into view. It is wielding a +0 club.
You shoot an arrow. The arrow closely misses the goblin.
The goblin shouts!
You shoot an arrow. The arrow closely misses the goblin.
Robin of the Strong Arm comes into view.
They are wielding a +0 club.
You shoot an arrow. The arrow barely misses the hobgoblin.
Robin shouts!
You shoot an arrow. The arrow hits the hobgoblin.
The hobgoblin is severely wounded.
Robin laughs in a distinctly smug fashion.
You shoot an arrow. The arrow hits the hobgoblin.
The hobgoblin is severely wounded.
The goblin misses you. The hobgoblin hits you.
You shoot an arrow. The arrow hits the hobgoblin!
You kill the hobgoblin!
The goblin misses you.
A jelly comes into view.
Robin roars a battlecry!
The goblin goes into a battle-frenzy!
You shoot an arrow. The arrow hits the goblin.
The goblin is moderately wounded.
The goblin barely misses you.
You shoot an arrow. The arrow closely misses the goblin.
The arrow hits Robin.
Robin is moderately wounded.
The goblin barely misses you. Robin throws the goblin at you!
You shoot an arrow. The arrow hits Robin!
Robin is almost dead.
The goblin barely misses you. Robin hits you with a +0 club.
You shoot an arrow. The arrow hits Robin.
You kill Robin!
The goblin hits you with a +0 club.
Your Ranged Weapons skill increases to level 5!
You shoot an arrow. The arrow misses the goblin.
The jelly hits you.
You are splashed with acid.
The goblin hits you with a +0 club.
You die...

).. .. ####### ).# . ..
... ...).##..# .
#.#####.##..)?....#
.##..##.......%......
.#.................#
....)...........J..#
#...............@..#
#...)...........g.###.
..................#...
.#....................
.#.....................
##................#...#
#.......###.....##....
#.......##..#..## ....
##..#####......## ..


You could see a jelly and a goblin (strong).

Vanquished Creatures
  Robin (D:2)
  An adder (D:2)
  A dart slug (D:2)
  A ribbon worm (D:2)
  An endoplasm (D:1)
  A giant cockroach (D:1)
  11 goblins
  4 hobgoblins
  2 quokkas (D:1)
  2 bats
  2 frilled lizards
  5 kobolds
  2 rats (D:1)
34 creatures vanquished.

Notes
Turn   | Place    | Note
-------+----------+-------------------------------------------
     0 | D:1      | qw the Spriggan Hunter began the quest for the Orb.
     0 | D:1      | Reached XP level 1. HP: 10/10 MP: 2/2
     0 | D:1      | 0 ||| qw: Version: 0.3-a-155-g5e7d8dd
     0 | D:1      | 0 ||| qw: Game counter: 994
     0 | D:1      | 0 ||| qw: Melee chars always use a shield: true
     0 | D:1      | 0 ||| qw: God list: Okawaru
     0 | D:1      | 0 ||| qw: Allow faded altars: false
     0 | D:1      | 0 ||| qw: Do Orc after clearing Dungeon:15 true
     0 | D:1      | 0 ||| qw: Do second Lair branch before Depths: true
     0 | D:1      | 0 ||| qw: Lair rune preference: random
     0 | D:1      | 0 ||| qw: Goals: Normal
     0 | D:1      | 0 ||| PLANNING D:1-11
    37 | D:1      | Reached skill level 3 in Dodging
   166 | D:1      | Reached XP level 2. HP: 14/14 MP: 3/3
   632 | D:1      | 632 ||| UPGRADING to amulet of regeneration.
   637 | D:1      | 637 ||| READING scroll labelled NEMORE BIE.
   637 | D:1      | 637 ||| ENCHANTING +0 shortbow.
   638 | D:1      | 638 ||| READING scroll labelled LETWOSCHA MADECS.
   644 | D:1      | 644 ||| READING scroll labelled PAKOMA XAIF.
   644 | D:1      | 644 ||| ENCHANTING +0 shortbow.
   645 | D:1      | 645 ||| READING scroll labelled ESYTHIB VOITE.
   646 | D:1      | 646 ||| DRINKING 2 sapphire potions.
   647 | D:1      | 647 ||| DROPPING scroll of butterflies.
   648 | D:1      | 648 ||| DROPPING potion of degeneration.
   721 | D:2      | 721 ||| RETREEEEATING.
   726 | D:2      | 726 ||| RETREEEEATING.
   731 | D:2      | Reached XP level 3. HP: 15/18 MP: 4/4
   819 | D:2      | Noticed Robin
   827 | D:2      | Killed Robin
   828 | D:2      | Reached skill level 5 in Ranged Weapons
   828 | D:2      | Slain by a goblin

Levels and vault maps discovered:
D:1:      sevenhm_arrival_forest_fort_small_4, layout_basic,
          hangedman_decor_riveting
D:2:      layout_rooms, uniq_terence, uniq_robin, uniq_crazy_yiuf_cottage,
          uniq_sigmund

Skill      XL: |  1  2  3 |
---------------+----------+-----
Dodging        | 3 4 |  4.0
Ranged Weapons | 5 |  5.0
Fighting       | |  1.5
Stealth        | |  1.5

Action                     || total
---------------------------++-------
   Fire: Shortbow          ||    98
    Use: Scroll            ||     4
         Potion            ||     1
 Armour: Robe              ||    23
  Dodge: Dodged            ||    44

Table legend:
 A = Non-vault XP
 B = Vault XP
 C = Vault XP percentage of total XP
 D = Non-vault monster count
 E = Vault monster count
 F = Vault count percentage of total count
                 A         B        C        D         E       F
            +---------+---------+-------+---------+---------+-------
      Total |      53 |      32 |  37.6 |      23 |      11 |  32.4
            +---------+---------+-------+---------+---------+-------
        D:1 |      25 |       0 |   0.0 |      16 |       0 |   0.0
        D:2 |      28 |      32 |  53.3 |       7 |      11 |  61.1
            +---------+---------+-------+---------+---------+-------
